 Dungeon Crawl Stone Soup version 0.29.1-1-gd02db6906a (webtiles) character file.

Game seed: 6063311672632688099

1797 Lambsauce the Cleaver (level 8, -6/71 HPs)
             Began as a Minotaur Fighter on Sept 30, 2022.
             Killed by divine providence
             ... invoked by an orc priest
              (13 damage)
             ... on level 7 of the Dungeon.
             The game lasted 00:12:41 (5446 turns).

Lambsauce the Cleaver (Minotaur Fighter)            Turns: 5446, Time: 00:12:41

Health: -6/71      AC: 11    Str: 22 (24) XL:     8   Next: 83%
Magic:  7/7        EV: 11    Int:  9 (11) God:
Gold:   419        SH:  4    Dex:  7 (9)  Spells: 7/7 levels left

rFire   + . .      SeeInvis .   a - +0 war axe (spect)
rCold   + + .      Faith    .   c - +0 buckler
rNeg    . . .      Spirit   .   n - +0 ring mail {rPois}
rPois   +          Reflect  .   (helmet restricted)
rElec   .          Harm     .   o - scarf {rC+ rF+}
rCorr   .          Rampage  .   e - +0 pair of gloves
Will    .....      Rnd*Tele +   (no boots)
Stlth   +.........              (no amulet)
HPRegen 0.21/turn               l - +4 ring of protection
MPRegen 0.10/turn               q - +6 ring of intelligence

@: mighty
A: horns 2, retaliatory headbutt, cold resistance 1, sense surroundings 1,
teleportitis 1
a: no special abilities


You were on level 7 of the Dungeon.
You visited 1 branch of the dungeon, and saw 7 of its levels.

You collected 419 gold pieces.

Inventory:

Hand Weapons
 a - a +0 spectral war axe (weapon)
 s - a +4 short sword of venom
Missiles
 j - a throwing net (quivered)
Armour
 b - a +0 scale mail
 c - a +0 buckler (worn)
 e - a +0 pair of gloves (worn)
 n - a +0 ring mail of poison resistance (worn)
 o - a scarf of resistance (worn)
 p - a +1 leather armour of cold resistance
Jewellery
 l - a +4 ring of protection (left hand)
 q - a +6 ring of intelligence (right hand)
Scrolls
 g - a scroll of torment
 h - a scroll of noise
 k - 3 scrolls of identify
 m - a scroll of amnesia
Potions
 f - 2 potions of attraction
 i - a potion of curing


   Skills:
 + Level 6.4 Fighting
 + Level 9.8 Axes
 + Level 6.2 Armour
 + Level 3.8 Dodging
 + Level 1.0 Stealth
 + Level 5.6 Shields


You had 7 spell levels left.
You didn't know any spells.
Your spell library contained the following spells:

 Spells                   Type           Power      Damage    Failure   Level
 Apportation              Tloc           0%         N/A       63%         1
 Magic Dart               Conj           0%         1d3       63%         1
 Necrotise                Necr           0%         1d4       63%         1
 Summon Small Mammal      Summ           0%         N/A       63%         1
 Ensorcelled Hibernation  Hex/Ice        0%         N/A       77%         2
 Searing Ray              Conj           0%         2d4       77%         2
 Confusing Touch          Hex            0%         N/A       94%         3
 Spider Form              Tmut/Pois      0%         N/A       94%         3
 Anguish                  Hex/Necr       0%         N/A       100%        4
 Fulminant Prism          Conj/Hex       0%         3d6       100%        4
 Yara's Violent Unravell  Hex/Tmut       0%         3d3       100%        5
 Enfeeble                 Hex            0%         N/A       100%        7


Dungeon Overview and Level Annotations

Branches:
Dungeon (7/15)             Temple (0/1) D:4

Altars:
Elyvilon
Gozag
Hepliaklqana
Makhleb

Annotations:
D:4 exclusion: oklob sapling
D:7 Prince Ribbit


Innate Abilities, Weirdness & Mutations

You have a pair of horns on your head.
You reflexively headbutt those who attack you in melee.
Your flesh is cold resistant. (rC+)
You passively map a small area around you.
You are occasionally teleported next to monsters.


Message History

An orc wizard comes into view. It is wielding a +0 dagger.
The orc priest looks braver for a moment.
The orc wizard shouts!
You slash Prince Ribbit! Your headbutt misses Prince Ribbit.
Prince Ribbit is heavily wounded.
You barely miss the hound. Prince Ribbit barely misses you.
The hound bites you but does no damage.
The orc wizard casts a spell.
The orc wizard flickers and vanishes!
Deactivating autopickup; reactivate with Ctrl-A.
Prince Ribbit asks, "Just a little smooch?"
Prince Ribbit hits you but does no damage.
The hound bites you.
You barely miss Prince Ribbit.
Prince Ribbit is heavily wounded.
You barely miss the hound. Prince Ribbit hits you!
* * * LOW HITPOINT WARNING * * *
You block the hound's attack.
You miss Prince Ribbit.
Prince Ribbit is heavily wounded.
You barely miss the hound.
You hear the faint creaking of a portcullis very nearby.
The hound bites you but does no damage. Prince Ribbit hits you!
* * * LOW HITPOINT WARNING * * *
The hound bites you but does no damage.
Prince Ribbit hits you but does no damage.
It was a potion of degeneration.
There was something very wrong with that liquid.
You feel weakened.
You feel dopey.
You feel clumsy. The hound bites you.
* * * LOW HITPOINT WARNING * * *
Prince Ribbit blinks!
Unknown command.
Prince Ribbit catches a small bird with his tongue.
Prince Ribbit blinks!
The hound barely misses you. You furiously retaliate!
You headbutt the hound!
You kill the hound!
The orc priest invokes the aid of Beogh against you.
Beogh smites you!
You die...

, , * * ,
..* , .
*#. ~~
.###.###
,
......##
, ,
#.....###
* **
#.......
* * * *
#....# ,
, #@#* ,
,* ,* #§#
, ,#)#
,#o# , *
,#.# ,
#{# * ,*
.§#> *
###


You could see an orc priest.

Vanquished Creatures
  A water moccasin (D:6)
  Duvessa (D:7)
  2 ice beasts
  An ogre (D:5)
  A centaur (D:6)
  A phantom (D:5)
  A bullfrog (D:6)
  3 scorpions
  A necrophage (D:5)
  3 wights (D:7)
  Dowan (D:7)
  4 hounds
  A jelly (D:4)
  3 orc priests
  2 orc wizards
  Natasha (D:3)
  4 iguanas
  7 gnolls
  8 adders
  3 worms (D:2)
  2 dart slugs
  6 orcs
  A bat (D:1)
  10 endoplasms
  4 giant cockroaches
  7 goblins
  5 hobgoblins
  2 jackals (D:3)
  7 kobolds
  3 quokkas
  4 ball pythons
  6 frilled lizards
  4 rats
110 creatures vanquished.

Vanquished Creatures (collateral kills)
  A gnoll bouda (D:5)
1 creature vanquished.

Vanquished Creatures (others)
  16 plants
16 creatures vanquished.

Grand Total: 127 creatures vanquished

Notes
Turn   | Place    | Note
-------+----------+-------------------------------------------
     0 | D:1      | Lambsauce the Minotaur Fighter began the quest for the Orb.
     0 | D:1      | Reached XP level 1. HP: 19/19 MP: 0/0
   209 | D:1      | Reached XP level 2. HP: 26/27 MP: 1/1
   258 | D:1      | Found a faded altar of an unknown god.
   877 | D:1      | Gained mutation: Your flesh is cold resistant. (rC+)
                  | [potion of mutation]
   877 | D:1      | Gained mutation: You passively map a small area around you.
                  | [potion of mutation]
   877 | D:1      | Gained mutation: You are occasionally teleported next to
                  | monsters. [potion of mutation]
   880 | D:1      | Reached XP level 3. HP: 33/33 MP: 2/2
  1023 | D:2      | Reached skill level 3 in Axes
  2169 | D:3      | Noticed Natasha
  2176 | D:3      | Killed Natasha
  2177 | D:3      | Reached XP level 4. HP: 37/41 MP: 3/3
  2357 | D:3      | You fall into a shaft and drop 1 floor!
  2358 | D:4      | Noticed a scorpion
  2440 | D:4      | Found a staircase to the Ecumenical Temple.
  2494 | D:4      | Reached skill level 4 in Axes
  2494 | D:4      | Reached XP level 5. HP: 45/47 MP: 4/4
  2562 | D:4      | Reached skill level 5 in Fighting
  2570 | D:4      | Reached skill level 5 in Axes
  2805 | D:4      | Reached XP level 6. HP: 56/56 MP: 5/5
  2913 | D:4      | Reached skill level 6 in Axes
  3522 | D:5      | Entered Level 5 of the Dungeon
  3527 | D:5      | Reached skill level 1 in Dodging
  3545 | D:5      | Found a burning altar of Makhleb.
  3551 | D:5      | Reached XP level 7. HP: 61/61 MP: 6/6
  3674 | D:5      | Reached skill level 7 in Axes
  3900 | D:5      | Reached skill level 5 in Armour
  3973 | D:5      | Identified the +1 robe of Ymepoekhoxt {Str+3}
  3991 | D:5      | Found a hazy altar of Hepliaklqana.
  4125 | D:5      | Found a white marble altar of Elyvilon.
  4134 | D:5      | Found an opulent altar of Gozag.
  4584 | D:6      | Reached skill level 8 in Axes
  4584 | D:6      | Reached skill level 5 in Shields
  4595 | D:6      | Reached XP level 8. HP: 69/70 MP: 7/7
  5150 | D:6      | Reached skill level 9 in Axes
  5339 | D:7      | Noticed Dowan
  5339 | D:7      | Noticed Duvessa
  5352 | D:7      | Killed Dowan
  5358 | D:7      | Killed Duvessa
  5359 | D:7      | Reached skill level 1 in Stealth
  5434 | D:7      | Noticed Prince Ribbit
  5446 | D:7      | Killed from afar by an orc priest

Illustrated notes

Levels and vault maps discovered:
D:1:      nzn_arrival_crosshair, layout_basic,
          dreamdust_ecumenical_altar_angels_and_demons
D:2:      layout_basic, wander_ebering_terrifying_dragon_lair
D:3:      layout_basic, uniq_terence, uniq_natasha
D:4:      layout_basic, minmay_temple_entry_oklob
D:5:      layout_basic, amcnicky_altar_gilded, mainiacjoe_overflow_alcove_2,
          mainiacjoe_overflow_swirl, dk_noncrumbling_2, chequers_big_river,
          minmay_misc_feat_five
D:6:      layout_loops_cross, roderic_serpentine_path
D:7:      gammafunk_steamed_eel, layout_loops_ring, enter_bailey_5,
          minivault_27, uniq_menkaure, uniq_maggie, uniq_prince_ribbit1,
          uniq_duvessa

Skill      XL: |  1  2  3  4  5  6  7  8 |
---------------+-------------------------+-----
Fighting       | 4 5 6 |  6.4
Armour         | 4 5 6 |  6.2
Shields        | 4 5 |  5.6
Axes           | 3 4 5 6 8 9 |  9.8
Dodging        | 1 2 3 |  3.8
Stealth        | 1 |  1.0

Action                   |  1- 3 |  4- 6 |  7- 9 || total
-------------------------+-------+-------+-------++-------
Melee: War axe           |    87 |    90 |    81 ||   258
       Headbutt          |     9 |    15 |    15 ||    39
  Use: Scroll            |     5 |     3 |     2 ||    10
       Potion            |     1 |     3 |     3 ||     7
Armor: Scale mail        |    31 |    29 |       ||    60
       Ring mail         |       |    37 |    35 ||    72
       Skin              |       |     2 |     3 ||     5
Dodge: Dodged            |    35 |    49 |    32 ||   116
Block: Buckler           |    14 |    18 |    17 ||    49
